 Dungeon Crawl Stone Soup version 0.25-a0-388-g41a7e554cb (webtiles) character file.

Game seed: 11079412036103618746, levelgen mode: deterministic

4242 Borgoz the Basher (level 10, -6/63 HPs)
             Began as a Gargoyle Gladiator on Jan 7, 2020.
             Killed by divine providence
             ... invoked by an orc priest
              (14 damage)
             ... on level 8 of the Dungeon.
             The game lasted 00:11:56 (9321 turns).

Borgoz the Basher (Gargoyle Gladiator)              Turns: 9321, Time: 00:11:56

Health: -6/63      AC: 17    Str: 19    XL:     10   Next: 30%
Magic:  10/10      EV: 16    Int: 10    God:
Gold:   392        SH:  0    Dex: 12    Spells: 9/9 levels left

rFire    . . .     SeeInvis .   g - +4 flail
rCold    . . .     Gourm    .   (no shield)
rNeg     + . .     Faith    .   i - +1 scale mail
rPois    ∞         Spirit   .   m - +0 helmet
rElec    +         Reflect  .   (no cloak)
rCorr    .         Harm     .   (no gloves)
MR       .....                  (no boots)
Stlth    +.........             (no amulet)
HPRegen  0.20/turn              o - ring of stealth
MPRegen  0.12/turn              t - +4 ring of evasion

@: no status effects
A: negative energy resistance 1, electricity resistance, unbreathing,
petrification resistance, rot immunity, AC +7
a: no special abilities


You were on level 8 of the Dungeon.
You were not hungry.

You visited 2 branches of the dungeon, and saw 9 of its levels.
You also visited: Sewer.

You collected 392 gold pieces.

Inventory:

Hand Weapons
 g - a +4 flail (weapon)
 p - a +0 dire flail
 r - a +0 morningstar
Missiles
 d - 4 throwing nets (quivered)
Armour
 i - a +1 scale mail (worn)
 m - a +0 helmet (worn)
Jewellery
 o - a ring of stealth (left hand)
 t - a +4 ring of evasion (right hand)
Wands
 b - a wand of random effects (21)
 e - a wand of acid (3)
 s - a wand of paralysis (3)
Scrolls
 a - a scroll of amnesia {unknown}
 k - 3 scrolls of teleportation
 l - 3 scrolls of remove curse
 u - a scroll of enchant weapon
Potions
 c - 2 potions of invisibility
 h - a potion of flight
 j - a potion of mutation
 n - a potion of heal wounds
 v - a potion of cancellation
 w - a potion of berserk rage
Comestibles
 f - 21 rations
 q - 2 chunks of flesh


   Skills:
 + Level 7.4 Fighting
 * Level 9.8 Maces & Flails
 - Level 1.7 Throwing
 + Level 7.0 Armour
 + Level 6.0 Dodging


You had 9 spell levels left.
You didn't know any spells.
Your spell library was empty.

Dungeon Overview and Level Annotations

Branches:
Dungeon (8/15)             Temple (1/1) D:7           Sewer (visited)
   Lair: D:8-11

Altars:
Ashenzari
Cheibriados
Elyvilon
Fedhas
Gozag
Hepliaklqana
Kikubaaqudgha
Makhleb
Nemelex Xobeh
Qazlal
Ru
Sif Muna
Trog
Uskayaw
Vehumet
Wu Jian
Xom
Yredelemnul
Zin
The Shining One

Shops:
D:7 =

Annotations:
D:8 Joseph


Innate Abilities, Weirdness & Mutations

You are resistant to torment.
Your stone body is resilient. (AC +7)
You are immune to poison.
You resist negative energy. (rN+)
You are resistant to electric shocks. (rElec)
You can survive without breathing.
You are immune to petrification.
You are immune to rotting.


Message History

The two-headed ogre hits you with a +0 giant club!!
* * * LOW HITPOINT WARNING * * *
The two-headed ogre hits you with a +0 giant club.
* * * LOW HITPOINT WARNING * * *
The orc wizard hits you but does no damage.
The orc wizard mumbles some strange words.
The orc wizard blinks!
You feel much better.
The orc wizard hits you but does no damage.
Joseph unwields a +0 hunting sling.
Joseph wields a +0 quarterstaff.
Joseph closely misses you.
The orc priest mumbles some strange prayers to Beogh against you.
Beogh smites you! The orc hits you but does no damage.
The two-headed ogre hits you with a +0 giant club.
The two-headed ogre hits you with a +0 giant club!
* * * LOW HITPOINT WARNING * * *
The orc wizard misses you.
The orc priest mumbles some strange prayers to Beogh against you.
Beogh smites you!
You die...

........... ....
.....##.... ...
.....#..... ..#
..#..###)) . ..
..##.####.. .. ###.
...........[.
...#..o######............
.....§@o.#.........##....
......o.@.........##.....
......O.(................
.#.##...!.......##..##...
##............###.#..##
....?..o....>....#......#
.........#.......#####.##
........##.....#..#..#.##
......###......#........#
..##.# #..÷.....#.###....


You could see Joseph, a two-headed ogre, an orc priest, 2 orc wizards and an
orc.

Vanquished Creatures
  Grinder (D:4)
  2 hippogriffs
  A spriggan (D:7)
  Edmund (D:4)
  2 sky beasts
  4 orc warriors
  An ice beast (D:7)
  2 ogres
  3 centaurs
  3 bullfrogs
  A scorpion (D:7)
  3 killer bees (D:8)
  4 wights (D:4)
  A howler monkey (D:8)
  5 crimson imps
  A centaur zombie (D:5)
  3 jellies
  8 orc priests
  5 hounds
  9 orc wizards
  Jessica (D:2)
  5 iguanas
  Ijyb (D:4)
  Natasha (thrice) (D:4)
  6 worker ants
  A killer bee zombie (D:5)
  A hound skeleton (D:8)
  17 adders
  3 river rats (D:3)
  2 shadow imps
  3 worms
  3 dart slugs
  8 leopard geckos
  53 orcs
  10 bats
  16 giant cockroaches
  5 hobgoblins
  11 jackals
  4 quokkas
  4 ball pythons
  11 frilled lizards
  6 goblins
  12 kobolds
  A leopard gecko zombie (D:7)
  A quokka zombie (D:7)
  9 rats
257 creatures vanquished.

Notes
Turn   | Place    | Note
-------+----------+-------------------------------------------
     0 | D:1      | Borgoz the Gargoyle Gladiator began the quest for the Orb.
     0 | D:1      | Reached XP level 1. HP: 12/12 MP: 1/1
   188 | D:1      | Reached XP level 2. HP: 17/18 MP: 2/2
   386 | D:1      | Reached skill level 1 in Armour
   572 | D:1      | Reached XP level 3. HP: 20/22 MP: 3/3
  1417 | D:2      | Reached XP level 4. HP: 27/27 MP: 4/4
  1574 | D:2      | Reached skill level 4 in Maces & Flails
  1875 | D:2      | Noticed Jessica
  1883 | D:2      | Killed Jessica
  1883 | D:2      | Reached XP level 5. HP: 23/32 MP: 5/5
  2216 | D:3      | Found a snail-covered altar of Cheibriados.
  2364 | D:3      | Found a glowing drain.
  2372 | Sewer    | Entered a sewer
  2616 | Sewer    | Reached XP level 6. HP: 9/37 MP: 6/6
  2628 | Sewer    | Reached skill level 5 in Maces & Flails
  3196 | D:3      | Found a faded altar of an unknown god.
  3444 | D:4      | Noticed Edmund
  3479 | D:4      | Reached XP level 7. HP: 28/42 MP: 7/7
  4271 | D:4      | HP: 1/43 [wight/+4 flail (9)]
  4294 | D:4      | Reached skill level 6 in Maces & Flails
  4436 | D:4      | Killed Edmund
  4436 | D:4      | Reached XP level 8. HP: 23/48 MP: 8/8
  4616 | D:4      | Noticed Grinder
  4637 | D:4      | Killed Grinder
  4637 | D:4      | Reached skill level 5 in Fighting
  5017 | D:4      | Noticed Ijyb
  5022 | D:4      | Killed Ijyb
  5027 | D:4      | Reached skill level 7 in Maces & Flails
  5069 | D:4      | Noticed Natasha
  5071 | D:4      | Killed Natasha
  5077 | D:4      | Noticed Natasha
  5083 | D:4      | Killed Natasha
  5116 | D:4      | Noticed Natasha
  5119 | D:4      | Killed Natasha
  5158 | D:5      | Entered Level 5 of the Dungeon
  5343 | D:5      | Reached skill level 5 in Armour
  5513 | D:5      | Found a burning altar of Makhleb.
  5841 | D:5      | Reached XP level 9. HP: 52/55 MP: 9/9
  6026 | D:6      | Reached skill level 8 in Maces & Flails
  6228 | D:6      | Found a white marble altar of Elyvilon.
  6347 | D:6      | Reached skill level 5 in Dodging
  6524 | D:6      | Found an ornate altar of the Wu Jian Council.
  7141 | D:6      | Found a blossoming altar of Fedhas.
  7141 | D:6      | Found a shimmering blue altar of Sif Muna.
  7227 | D:7      | Found a staircase to the Ecumenical Temple.
  7321 | D:7      | Found a shattered altar of Ashenzari.
  7373 | Temple   | Entered the Ecumenical Temple
  7700 | D:7      | Reached skill level 9 in Maces & Flails
  7926 | D:7      | Found a hide-covered altar of Uskayaw.
  8133 | D:7      | Reached XP level 10. HP: 40/63 MP: 10/10
  8602 | D:7      | Found Waogi's Jewellery Shoppe.
  8890 | D:8      | Found a glowing silver altar of Zin.
  9311 | D:8      | Noticed a two-headed ogre
  9311 | D:8      | Noticed Joseph
  9321 | D:8      | Killed from afar by an orc priest

Levels and vault maps discovered:
D:1:      evilmike_arrival_run_for_it, layout_loops_ring,
          minmay_misc_feat_diagonals, chequers_serial_rivers_small_3,
          serial_bayou_pond_a
D:2:      layout_loops_corners, minmay_misc_feat_four_crosses, uniq_jessica
D:3:      layout_basic, kennysheep_slug_shrine, lightli_sewer_entry_pipes,
          first_ration, chequers_ecumenical_altar_simple_redux
D:4:      layout_loops_ring, serial_bayou_ford_a, minivault_27, uniq_edmund,
          uniq_grinder, uniq_ijyb, uniq_natasha
D:5:      layout_loops_ring, kennysheep_mini
D:6:      layout_loops_ring, kennysheep_little_box, lemuel_round_altar,
          gammafunk_temple_overflow_statue
D:7:      minmay_general_purpose_star, layout_basic, evilmike_ruin_ashenzari,
          minmay_temple_entry_poolview, basic_altar, serial_shops, shop,
          the_bakery
D:8:      layout_cave_pools, overflow_temple_1_default, uniq_joseph
Temple:   minmay_temple_curvy_loop

Skill      XL: |  1  2  3  4  5  6  7  8  9 10 |
---------------+-------------------------------+-----
Armour         | 1 2 3 4 5 6 7 |  7.0
Fighting       | 3 4 5 7 |  7.4
Maces & Flails | 4 5 6 7 9 |  9.8
Dodging        | 3 4 5 6 |  6.0
Throwing       | |  1.7

Action                   |  1- 3 |  4- 6 |  7- 9 | 10-12 || total
-------------------------+-------+-------+-------+-------++-------
Melee: Flail             |   123 |   307 |   490 |   154 ||  1074
Throw: Throwing net      |       |       |     3 |       ||     3
Evoke: Wand              |       |       |     5 |       ||     5
  Use: Scroll            |       |     6 |     7 |     2 ||    15
       Potion            |       |     3 |     7 |     1 ||    11
 Stab: Held in net/web   |       |       |     1 |       ||     1
       Invisible         |       |       |     5 |       ||     5
  Eat: Chunk             |     2 |     7 |    16 |     4 ||    29
Armor: Leather armour    |     3 |       |       |       ||     3
       Scale mail        |    75 |   204 |   210 |   148 ||   637
       Skin              |       |       |    18 |       ||    18
Dodge: Dodged            |    85 |   218 |   256 |   195 ||   754

Table legend:
 A = Non-vault XP
 B = Vault XP
 C = Vault XP percentage of total XP
 D = Non-vault monster count
 E = Vault monster count
 F = Vault count percentage of total count
                 A         B        C        D         E       F
            +---------+---------+-------+---------+---------+-------
      Total |    4992 |    1068 |  17.6 |     220 |      36 |  14.1
            +---------+---------+-------+---------+---------+-------
        D:1 |      45 |       5 |  10.0 |      25 |       1 |   3.8
        D:2 |     114 |      37 |  24.5 |      24 |       1 |   4.0
        D:3 |     165 |      68 |  29.2 |      37 |       9 |  19.6
        D:4 |     724 |     509 |  41.3 |      25 |       4 |  13.8
        D:5 |     542 |       0 |   0.0 |      25 |       0 |   0.0
        D:6 |     899 |       0 |   0.0 |      24 |       0 |   0.0
        D:7 |    1513 |     225 |  12.9 |      41 |       2 |   4.7
        D:8 |     990 |       0 |   0.0 |      19 |       0 |   0.0
      Sewer |       0 |     224 | 100.0 |       0 |      19 | 100.0
            +---------+---------+-------+---------+---------+-------
